Map: Dreamcatcher LE

Players

Patience - Winner!

  • Race: Protoss Protoss
  • Spawn Location: 5:00

Elazer

  • Race: Zerg Zerg
  • League: Grandmaster
  • Spawn Location: 11:00

Event: HomeStory Cup XVII

VOD

Have the link to the VOD?

Description

Time

  • Played on: June 30, 2018, 8:05 a.m.
  • Length: 13:22

All games in this series

Show
View Real Time Build Order
Export as new Build Order

Patience Protoss - Winner!

Build Orders: 1 Gate Expand, Oracle Opening, Phoenix Opening 

Get SALT Encoding   

  12  0:01  Probe  
  13  0:13  Probe  
  14  0:17  Pylon  
  14  0:24  Probe  
  15  0:33  Probe  
  15  0:37  Gateway  
  15  0:41  Probe  
  16  0:47  Assimilator  
  17  0:53  Probe  
  18  1:05  Probe  
  19  1:18  Probe  
  20  1:25  Nexus  
  20  1:35  Cybernetics Core  
  20  1:38  Probe  
  21  1:45  Assimilator  
  21  1:50  Probe  
  21  1:53  Pylon  
  22  2:02  Adept, Probe  
  23  2:14  Probe  
  26  2:16  Stargate  
  26  2:26  Probe  
  26  2:27  Warp Gate  
  26  2:28  Adept  
  29  2:34  Probe x2  
  29  2:42  Probe x2  
  33  2:52  Probe  
  33  2:53  Probe  
  33  2:56  Phoenix  
  35  3:04  Probe, Pylon  
  38  3:11  Adept, Probe  
  41  3:15  Oracle  
  41  3:16  Probe  
  42  3:23  Probe  
  46  3:28  Probe  
  46  3:31  Assimilator  
  46  3:34  Assimilator, Gateway  
  47  3:39  Probe  
  48  3:43  Probe  
  49  3:49  Twilight Council, Pylon  
  49  3:51  Probe x2  
  51  3:59  Probe  
  51  4:03  Probe  
  53  4:10  Probe  
  53  4:12  Pylon  
  53  4:13  Resonating Glaives  
  53  4:15  Probe  
  55  4:17  Gateway x2  
  55  4:22  Probe  
  56  4:29  Probe  
  57  4:32  Robotics Facility  
  57  4:42  Adept x2  
  61  4:46  Pylon  
  61  4:51  Pylon  
  61  4:53  Pylon  
  61  4:56  Templar Archives  
  61  5:03  Adept x2  
  65  5:09  Warp Prism  
  63  5:24  Pylon  
  63  5:25  Adept  
  63  5:26  Adept x3  
  71  5:29  Pylon  
  71  5:38  Nexus  
  71  5:41  Pylon  
  71  5:42  Immortal  
  71  5:46  Psionic Storm  
  75  6:11  Immortal, Probe  
  76  6:13  High Templar x3  
  74  6:27  High Templar  
  74  6:28  Robotics Facility  
  74  6:31  Shield Battery  
  70  6:33  Shield Battery  
  70  6:36  Gateway  
  70  6:38  Gateway  
  70  6:43  Gateway  
  70  6:44  Immortal  
  70  6:45  Gateway  
  70  6:49  Adept x2  
  78  7:02  Adept  
  78  7:03  Adept  
  78  7:05  Probe x2  
  84  7:10  Probe, Pylon  
  84  7:17  Probe  
  84  7:22  Zealot x2  
  84  7:26  Probe  
  84  7:27  Probe  
  84  7:29  Probe  
  81  7:37  Adept  
  81  7:38  Probe  
  81  7:39  Probe  
  81  7:41  Adept, Probe  
  88  7:47  Immortal  
  88  7:49  High Templar  
  88  7:50  High Templar x3  
  88  7:51  Probe  
  97  7:55  Immortal  
  102  8:07  Pylon  
  102  8:18  Adept x3  
  108  8:21  Probe x3  
  108  8:24  Charge  
  111  8:27  Assimilator  
  111  8:31  Assimilator  
  111  8:34  Adept x2  
  111  8:37  Probe x2  
  111  8:38  Probe  
  118  8:44  Immortal  
  118  8:47  Immortal  
  118  8:48  Forge  
  126  9:07  Probe x2  
  126  9:08  Probe  
  129  9:11  Pylon  
  129  9:14  Adept x3  
  135  9:18  Immortal x2  
  135  9:26  Protoss Ground Weapons Level 1  
  134  9:49  Photon Cannon  
  134  9:52  Photon Cannon, Adept x2  
  138  9:53  Zealot x2  
  138  9:54  Observer x2, Zealot  
  142  10:13  Nexus  
  142  10:21  Immortal x2  
  128  10:33  Zealot x5  
  128  10:35  Zealot  
  120  10:45  Zealot x7  
  133  10:58  Zealot  
  130  11:06  Archon  
  130  11:08  High Templar x4  
  130  11:09  High Templar  
  140  11:12  Pylon  
  140  11:13  Observer  
  140  11:15  Pylon  
  140  11:16  Pylon  
  141  11:18  Photon Cannon, Pylon  
  141  11:21  Photon Cannon  
  141  11:25  Observer  
  142  11:26  Pylon  
  142  11:33  Zealot x3  
  142  11:37  Observer  
  144  11:44  Archon  
  144  11:48  Immortal x2  
  144  11:54  Zealot x5  
  144  11:55  Zealot  
  149  12:06  Probe x4  
  151  12:17  High Templar x6  
  151  12:18  Probe  
  151  12:20  High Templar x2  
  168  12:22  Archon  
  168  12:23  Archon x2  
  168  12:30  Archon  
  144  13:02  Zealot x7  
  144  13:03  Zealot  
Show
View Real Time Build Order
Export as new Build Order

Elazer Zerg 

Build Orders: Hatch First, Lurkers, Roach Hydra 

Get SALT Encoding   

  12  0:00  Drone  
  13  0:12  Overlord  
  13  0:16  Drone  
  14  0:31  Drone x2  
  16  0:47  Hatchery  
  15  0:51  Drone  
  15  0:54  Drone  
  17  0:57  Drone  
  18  1:08  Extractor  
  17  1:13  Spawning Pool  
  17  1:17  Drone  
  17  1:20  Drone  
  18  1:27  Drone  
  19  1:38  Drone  
  20  1:49  Overlord  
  20  1:59  Queen  
  20  2:00  Queen, Zergling x4  
  26  2:10  Drone  
  26  2:11  Metabolic Boost, Drone  
  28  2:22  Drone x2  
  30  2:33  Drone x2  
  32  2:39  Hatchery  
  31  2:45  Queen  
  31  2:50  Overlord  
  33  2:52  Drone  
  33  2:53  Drone  
  33  2:56  Drone  
  36  3:08  Drone x4  
  36  3:10  Drone x2  
  36  3:12  Overlord  
  42  3:21  Queen  
  42  3:24  Overlord  
  44  3:30  Drone x4  
  48  3:38  Drone x2  
  48  3:39  Drone x2  
  52  3:50  Spore Crawler x2, Overlord  
  52  3:52  Drone x2  
  52  3:54  Drone x2  
  54  3:56  Drone x2  
  54  3:59  Queen  
  54  4:02  Spore Crawler  
  57  4:05  Drone  
  58  4:10  Drone  
  58  4:11  Drone  
  58  4:13  Zergling x4  
  58  4:14  Zergling x2  
  58  4:15  Overlord  
  58  4:16  Drone  
  64  4:18  Drone  
  64  4:20  Spore Crawler  
  64  4:26  Drone  
  64  4:27  Drone  
  64  4:30  Overlord  
  67  4:32  Lair  
  67  4:34  Drone  
  67  4:35  Extractor  
  67  4:36  Extractor  
  67  4:37  Drone  
  67  4:42  Roach Warren  
  67  4:43  Drone  
  67  4:47  Drone  
  67  4:48  Drone x2  
  67  4:52  Overlord  
  70  4:53  Drone  
  70  4:54  Drone  
  70  4:57  Drone  
  70  4:58  Overlord  
  73  5:00  Drone  
  73  5:03  Drone x2  
  73  5:04  Drone  
  73  5:07  Drone  
  75  5:11  Drone x6  
  79  5:16  Overlord  
  76  5:22  Roach, Extractor  
  76  5:23  Roach x3, Extractor  
  76  5:25  Roach x2  
  86  5:30  Glial Reconstitution  
  86  5:31  Roach  
  86  5:33  Overlord  
  87  5:36  Roach  
  87  5:41  Spine Crawler  
  87  5:42  Spine Crawler, Roach  
  88  5:45  Roach x2  
  88  5:49  Roach x3  
  98  5:53  Overlord  
  96  6:01  Roach x3  
  97  6:05  Overlord  
  97  6:09  Roach  
  90  6:16  Drone x4  
  94  6:18  Drone x2  
  94  6:24  Drone x4  
  97  6:27  Drone x2  
  97  6:28  Drone  
  97  6:31  Drone  
  97  6:32  Drone  
  98  6:35  Drone  
  98  6:36  Drone  
  100  6:42  Drone x2, Evolution Chamber  
  100  6:45  Drone  
  102  6:52  Overlord  
  102  6:57  Extractor  
  102  6:58  Hydralisk Den, Drone x2  
  102  7:01  Drone x5  
  102  7:03  Drone  
  102  7:06  Drone x2  
  110  7:12  Drone x4  
  114  7:16  Overlord  
  114  7:17  Drone x2  
  114  7:18  Drone  
  117  7:27  Overlord  
  117  7:28  Drone  
  117  7:29  Drone x2  
  112  7:31  Drone x3  
  112  7:34  Zerg Missile Weapons Level 1  
  113  7:44  Lurker Den, Muscular Augments  
  112  7:45  Overseer  
  112  7:49  Hydralisk x2  
  112  7:50  Hatchery  
  115  7:56  Hydralisk x3  
  121  7:59  Hydralisk  
  121  8:05  Hydralisk x3  
  125  8:10  Overlord  
  125  8:12  Hydralisk x2  
  131  8:20  Overlord  
  131  8:22  Hydralisk x4  
  137  8:28  Hydralisk x3  
  143  8:35  Overlord, Hydralisk x2  
  143  8:41  Extractor  
  146  8:42  Hydralisk  
  146  8:43  Hydralisk  
  146  8:46  Zergling x12  
  156  8:54  Overlord  
  156  8:55  Hydralisk x3  
  158  8:58  Overlord  
  162  9:03  Zergling x12  
  168  9:13  Lurker x3  
  168  9:14  Lurker  
  172  9:21  Grooved Spines  
  172  9:22  Zergling x20  
  182  9:27  Drone x2  
  182  9:30  Lurker x2  
  183  9:31  Zergling x6  
  183  9:35  Zergling x8  
  189  9:47  Hydralisk  
  189  9:52  Overlord  
  188  9:53  Lurker x2  
  186  10:13  Drone x3  
  188  10:16  Overlord  
  188  10:17  Drone  
  188  10:19  Lurker x3  
  188  10:20  Lurker, Hydralisk x6  
  187  10:28  Hydralisk  
  187  10:31  Hydralisk  
  187  10:32  Hydralisk x2  
  187  10:33  Zergling x10  
  187  10:34  Zergling x10  
  193  10:42  Hydralisk x4  
  195  10:52  Hydralisk  
  195  10:53  Hydralisk  
  194  11:02  Hatchery  
  194  11:03  Hydralisk x2  
  178  11:06  Lurker x2  
  178  11:07  Zergling x14  
  178  11:08  Overseer  
  183  11:15  Lurker  
  183  11:16  Lurker, Zergling x2  
  183  11:17  Zergling x8  
  190  11:28  Hydralisk x5  
  195  11:39  Hydralisk x4  
  178  11:47  Hydralisk x3  
  178  11:50  Drone x2  
  172  12:00  Drone x3  
  172  12:01  Drone x3  
  172  12:05  Lurker x3  
  173  12:13  Hydralisk x4  
  181  12:25  Hydralisk x4  
  189  12:32  Hydralisk  
  189  12:33  Hydralisk x2  
  189  12:36  Zergling x8  
  193  12:55  Hydralisk x9  
  158  13:01  Zergling x2  
  158  13:02  Zergling x6  
Tags
 
Add a new tag
Caveats
  • Supply blocks, unpowered buildings, or Contaminate may cause inaccurate times.
  • Supply counts are checked every 10 seconds.